 Dungeon Crawl Stone Soup version 0.19-a0-1292-g796ee4d (webtiles) character file.

172340 jacquesderrida the Fencer (level 17, 0/97 HPs)
             Began as a Vine Stalker Wanderer on Aug 29, 2016.
             Was a High Priest of Okawaru.
             Slain by a greater naga
             ... wielding a +1 spear of piercing
              (3 damage)
             ... on level 4 of the Snake Pit on Aug 30, 2016.
             The game lasted 02:19:12 (15324 turns).

jacquesderrida the Fencer (Vine Stalker Wanderer)  Turns: 15324, Time: 02:19:12

Health: 0/97       AC: 17    Str: 14    XL:     17   Next: 74%
Magic:  0/26       EV: 19    Int: 15    God:    Okawaru [*****.]
Gold:   1190       SH:  9    Dex: 19    Spells: 3 memorised, 21 levels left

rFire  + . .     SeeInvis .     a - +4 scimitar (flame)
rCold  . . .     Gourm    .     z - +1 scale mail {rPois}
rNeg   . . .     Faith    .     S - +3 buckler of Pekh {Stlth+}
rPois  +         Spirit   +     M - +0 helmet
rElec  .         Dismiss  .     j - +1 cloak
rCorr  .         Reflect  .     (no gloves)
MR     ++...     Harm     .     K - +0 pair of boots
Stlth  +++.......               k - amulet of rage
                                E - ring of protection from fire
                                b - +1 ring of evasion

@: lethally poisoned (0 -> 0), heroism, constricted, studying Fighting
A: fangs 3, regeneration 3, magic shield, antimagic bite, no device heal 3, rot
immunity
a: Heroism, Finesse, Renounce Religion, Evoke Berserk Rage
}: 1/15 runes: decaying


You were on level 4 of the Snake Pit.
You worshipped Okawaru.
Okawaru was extremely pleased with you.
You were not hungry.

You visited 6 branches of the dungeon, and saw 32 of its levels.
You visited 1 bazaar.
You also visited: Bailey, Ice Cave and Desolation.

You collected 2174 gold pieces.
You spent 984 gold pieces at shops.

Inventory:

Hand Weapons
 a - a +4 scimitar of flaming (weapon)
 w - a +9 triple sword of venom
Missiles
 u - 6 javelins of returning (quivered)
Armour
 j - a +1 cloak (worn)
 p - the +2 leather armour of the Gusle {rF+ rC- Dex+4}
   (You found it on level 5 of the Dungeon)

   It affects your dexterity (+4).
   It protects you from fire.
   It makes you vulnerable to cold.
 z - a +1 scale mail of poison resistance (worn)
 F - the +0 pair of gloves "Coesef" {Int-5 Slay+6, unknown}
   (Okawaru gifted it to you on level 4 of the Snake Pit)

   It affects your intelligence (-5).
   It affects your accuracy and damage with ranged weapons and melee attacks
   (+6).
 K - a +0 pair of boots (worn)
 M - a +0 helmet (worn)
 N - a +3 chain mail of cold resistance
 S - the +3 buckler of Pekh (worn) {Stlth+}
   (Okawaru gifted it to you on level 12 of the Dungeon)

   It makes you more stealthy.
 U - a +4 ring mail of fire resistance
 V - the +4 scale mail of the Orcish Mines {rF+ rN+ Dex-3 SInv}
   (You bought it in a shop on level 3 of the Snake Pit)

   It affects your dexterity (-3).
   It protects you from fire.
   It protects you from negative energy.
   It lets you see invisible.
Jewellery
 b - a +1 ring of evasion (left hand)
 d - a +2 ring of intelligence
 k - an amulet of rage (around neck)
 s - an uncursed ring of resist corrosion
 E - a ring of protection from fire (right hand)
Wands
 i - a wand of acid (8/15)
 n - a wand of acid (5/15)
 o - a wand of confusion (24/48)
 y - a wand of teleportation (4/9)
 P - a wand of disintegration (5/24)
 W - a wand of acid (8/15)
 Z - a wand of iceblast (3/15)
Scrolls
 c - 12 scrolls of remove curse
 e - 3 scrolls of amnesia
 l - 3 scrolls of vulnerability
 m - a scroll of enchant weapon
 r - 7 scrolls of identify
 C - 2 scrolls of fog
 D - 3 scrolls of enchant armour
 G - a scroll of recharging
 R - a scroll of summoning
Potions
 q - 4 potions of brilliance
 t - 8 potions of might
 v - 3 potions of berserk rage
 x - a potion of flight
 A - 5 potions of haste
 B - a potion of agility
 H - 3 potions of resistance
 I - 3 potions of ambrosia
 L - 12 potions of curing
 O - a potion of magic
 Q - 3 potions of invisibility
Books
 g - a manual of Fighting
 J - a book of Alchemy

   Spells                             Type                      Level
   a - Sublimation of Blood           Necromancy                   2
   b - Ignite Poison                  Fire/Transmutation/Poison    3
   c - Petrify                        Transmutation/Earth          4
   d - Alistair's Intoxication        Transmutation/Poison         5
   e - Irradiate                      Conjuration/Transmutation    5
Miscellaneous
 T - a phantom mirror
 X - a fan of gales
 Y - a box of beasts
Comestibles
 f - 10 bread rations
 h - 7 meat rations


   Skills:
 + Level 14.2(19.2) Fighting
 * Level 15.2(20.2) Long Blades
   Level 5.3(10.3) Maces & Flails
 - Level 1.0(6.0) Throwing
 - Level 10.4(15.4) Armour
 + Level 12.1(17.1) Dodging
 - Level 5.4 Spellcasting
 - Level 8.0 Charms
 - Level 4.7 Translocations
   Level 2.0 Transmutations
 - Level 5.4 Invocations
 - Level 1.0 Evocations


You had 21 spell levels left.
You knew the following spells:

 Your Spells              Type           Power        Failure   Level  Hunger
a - Apportation           Tloc           ###.......   8%          1    None
b - Blink                 Tloc           N/A          12%         2    #......
m - Repel Missiles        Chrm/Air       ###...       14%         2    #......


Dungeon Overview and Level Annotations

Branches:
Dungeon (15/15)              Lair (6/6) D:10          Swamp (4/4) Lair:4
  Snake (4/4) Lair:3        Slime (0/5) Lair:5          Orc (2/2) D:9
    Elf (1/3) Orc:2
 Temple: D:4-7       Vaults: D:13-14     Depths: D:15

Altars:
Ashenzari
Cheibriados
Elyvilon
Fedhas
Gozag
Hepliaklqana
Kikubaaqudgha
Okawaru
Ru
Uskayaw

Shops:
D:4 *   D:5 :   D:7 [   Orc:2 ?%}=(   Snake:2 (}==   Snake:3 [

Annotations:
D:15 exclusion: Roxanne, Roxanne
Lair:1 1 exclusion
Lair:5 Rupert
Swamp:1 Nikola
Snake:3 Vashnia


Innate Abilities, Weirdness & Mutations

You have razor-sharp teeth.
You regenerate.
When hurt, damage is shared between your health and your magic reserves.
Your bite disrupts and absorbs the magic of your enemies.
Potions and wands cannot restore your health.
You are immune to rotting.


Message History

You feel sick.
The greater naga hits you with a spear of piercing!
* * * LOW HITPOINT WARNING * * *
x3 The greater naga constricts you.
You block the greater naga's attack.
Unknown command.
Okay, then.
Your attempt to break free from the greater naga fails, but you feel that another attempt might succeed.
The greater naga misses you.
* * * LOW HITPOINT WARNING * * *
The greater naga constricts you.
The greater naga hits you from afar with a spear!
* * * LOW HITPOINT WARNING * * *
The naga closely misses you.
You riposte.
You slash the naga! You burn the naga. You bite the naga. You drain its power.
You feel invigorated.
The naga is almost dead.
A naga sharpshooter comes into view. It is wielding a glaive.
Your attempt to break free from the greater naga fails, but you feel that another attempt might succeed.
You feel sick.
The greater naga falters for a moment.
You die...

#......# #......# #.N#...#
#......# ######## #......#
##
#......######....N.#####...
.........(.......N.........
...............N#N..# .....
................@..)#......
.......†..).......).....#
##......#####......######
######## #....(/# #......#
#.)....# ##....## #....#
#####....##########


You could see 2 greater nagas, a naga sharpshooter and 2 nagas.

Vanquished Creatures
  Donald (Orc:2)
  2 thorn hunters
  Kirke (D:15)
  4 greater nagas
  A deep elf sorcerer (Elf:1)
  An orc warlord (D:10)
  A stone giant (Orc:1)
  Azrael (D:13)
  The ghost of JustSomeDude the Blocker, a journeyman DsFi of Okawaru (D:13)
  Snorg (Lair:3)
  Fannar (Orc:1)
  5 naga warriors
  A catoblepas (Lair:6)
  An ice dragon (Lair:6)
  A vault guard (D:13)
  3 centaur warriors
  2 ghost crabs
  22 hydras
  3 anacondas
  Erica (Orc:1)
  5 alligators
  The ghost of RogueShenanigans the Cleaver, a novice HOBe of Trog (D:8)
  A servant of whispers (Elf:1)
  5 death yaks
  A merfolk avatar (Lair:6)
  A tengu warrior (D:15)
  A dancing weapon (Elf:1)
  6 naga sharpshooters
  An orc high priest (Orc:1)
  2 spriggan berserkers (Swamp:4)
  An unseen horror (D:14)
  2 spriggan druids
  2 sea snakes (Lair:6)
  4 naga ritualists
  3 shambling mangroves (Swamp:3)
  5 hill giants
  Pikel (D:7)
  A wolf spider zombie (D:14)
  4 orc knights (Orc:2)
  9 swamp dragons (Swamp:4)
  4 cyclopes
  2 orc sorcerers (Orc:1)
  7 deep elf magi
  4 griffons (Lair:6)
  2 mana vipers
  16 ugly things
  A manticore (Lair:6)
  4 salamanders
  6 naga magi
  19 black mambas
  A guardian serpent (Snake:3)
  8 elephants
  Joseph (D:7)
  2 ice statues (IceCv)
  13 spiny frogs
  2 centaur skeletons
  2 efreet
  4 rime drakes
  2 yaktaurs
  3 komodo dragons
  8 trolls
  A redback zombie (D:15)
  3 tengu conjurers
  3 polar bears (Lair:6)
  4 giant leeches
  2 harpy skeletons (D:15)
  5 bog bodies
  A wind drake (Lair:6)
  A meliai zombie (D:15)
  15 slime creatures
  A hornet zombie (D:15)
  3 saltlings
  12 blink frogs
  A centaur simulacrum (D:15)
  6 wyverns
  A hog (shapeshifter) (D:13)
  4 spriggans
  A shadow (Swamp:3)
  A wraith (D:13)
  A vampire (D:15)
  4 water elementals (D:13)
  25 yaks
  A basilisk (Lair:3)
  A human (D:13)
  The ghost of Aquadorian the Ogre Mage, an amateur OgSu (D:3)
  11 hippogriffs
  4 fire elementals (D:13)
  2 hogs (D:15)
  8 vampire mosquitoes
  A mottled dragon (D:15)
  12 swamp worms
  24 insubstantial wisps
  33 nagas
  12 wargs
  12 water moccasins
  A porcupine (Lair:4)
  12 swamp drakes
  59 orc warriors
  A hell hound (D:13)
  6 sky beasts
  2 slaves (D:7)
  17 ice beasts
  3 phantoms
  8 wolves
  10 wasps
  17 ogres
  2 eyes of draining
  27 centaurs
  9 crocodiles
  A big kobold (D:8)
  9 giant frogs
  A gnoll sergeant (D:8)
  2 scorpions
  8 killer bees
  5 howler monkeys
  An electric eel (D:13)
  3 crimson imps
  A giant frog zombie (D:12)
  22 orc priests
  2 centaur zombies
  8 hounds
  5 jellies
  28 orc wizards
  7 iguanas
  6 worker ants
  A killer bee zombie (D:5)
  2 hound zombies
  A hound skeleton (D:11)
  5 gnolls
  10 river rats
  7 adders
  4 shadow imps
  2 white imps (Lair:6)
  3 oozes (Lair:5)
  An adder skeleton (D:5)
  3 worms
  3 dart slugs
  3 giant geckos
  146 orcs
  6 bats
  4 giant cockroaches
  13 goblins
  8 hobgoblins
  7 jackals
  2 quokkas (D:5)
  A giant gecko skeleton (D:6)
  2 giant newts
  A jackal zombie (D:6)
  16 kobolds
  A quokka skeleton (D:9)
  2 rats (D:2)
975 creatures vanquished.

Vanquished Creatures (collateral kills)
  A yak (D:10)
1 creature vanquished.

Vanquished Creatures (others)
  5 humans (D:15)
  A naga (Snake:4)
  A slave (D:7)
  A jackal (D:7)
  3 briar patches (Swamp:3)
  2 fungi
  16 plants
29 creatures vanquished.

Grand Total: 1005 creatures vanquished

Notes
Turn   | Place    | Note
-------+----------+-------------------------------------------
     0 | D:1      | jacquesderrida the Vine Stalker Wanderer began the quest for the Orb.
     0 | D:1      | jacquesderrida set off with: a book of Minor Magic, the Papyrus of the Voyage, 11 poisoned needles, a +0 blowgun, a +0 robe, a bread ration
     0 | D:1      | Reached XP level 1. HP: 11/11 MP: 3/3
   123 | D:2      | Found a hazy altar of Hepliaklqana.
   145 | D:2      | Reached XP level 2. HP: 6/16 MP: 1/4
   273 | D:2      | Found an ancient bone altar of Kikubaaqudgha.
   337 | D:2      | Reached XP level 3. HP: 8/19 MP: 3/5
   404 | D:3      | Noticed a hippogriff
   618 | D:3      | Killed a hippogriff
   618 | D:3      | Gained mutation: Your natural rate of healing is unusually fast. [Vine Stalker growth]
   618 | D:3      | Reached XP level 4. HP: 20/23 MP: 3/6
   618 | D:3      | Reached XP level 5. HP: 25/28 MP: 3/7
   780 | D:4      | Noticed a phantom
   847 | D:4      | Reached skill level 5 in Maces & Flails
   847 | D:4      | Reached XP level 6. HP: 14/32 MP: 2/8
   909 | D:4      | Identified the Papyrus of the Voyage
   912 | D:4      | Learned a level 2 spell: Blink
   915 | D:4      | Learned a level 2 spell: Repel Missiles
   917 | D:4      | Found Vogoanu's Assorted Antiques.
   925 | D:4      | Bought a scroll labeled XESAUSETI for 20 gold pieces
   925 | D:4      | Bought a scroll labeled ANLUEWKYIJ for 20 gold pieces
   944 | D:4      | Bought a scroll labeled ARPHUO CIGUDUK for 20 gold pieces
  1005 | D:3      | Noticed Aquadorian's ghost (amateur OgSu)
  1092 | D:4      | Reached skill level 1 in Long Blades
  1092 | D:4      | Reached skill level 1 in Dodging
  1205 | D:4      | Reached XP level 7. HP: 35/35 MP: 5/9
  1273 | D:3      | Gained mutation: You heal very quickly. [potion of beneficial mutation]
  1286 | D:3      | Reached skill level 2 in Long Blades
  1338 | D:3      | Killed Aquadorian's ghost
  1368 | D:5      | Entered Level 5 of the Dungeon
  1422 | D:5      | Reached skill level 3 in Long Blades
  1614 | D:5      | Found a sacrificial altar of Ru.
  1651 | D:5      | Found Afimaidghasa's Book Shoppe.
  1656 | D:5      | Got a jewelled leather armour
  1677 | D:5      | Identified the +2 leather armour of the Gusle {rF+ rC- Dex+4} (You found it on level 5 of the Dungeon)
  1732 | D:5      | Gained mutation: You have razor-sharp teeth. [Vine Stalker growth]
  1732 | D:5      | Reached XP level 8. HP: 34/39 MP: 8/10
  1818 | D:5      | Reached skill level 4 in Long Blades
  2210 | D:6      | Reached skill level 5 in Long Blades
  2244 | D:6      | Found a hide-covered altar of Uskayaw.
  2245 | D:6      | Found a snail-covered altar of Cheibriados.
  2344 | D:7      | Noticed Pikel
  2355 | D:7      | Killed Pikel
  2355 | D:7      | Reached skill level 6 in Long Blades
  2355 | D:7      | Reached XP level 9. HP: 37/45 MP: 9/11
  2441 | D:7      | Noticed Joseph
  2446 | D:7      | Killed Joseph
  2446 | D:7      | Reached skill level 5 in Dodging
  2473 | D:7      | TEMPAL PLIZ
  2548 | D:7      | Found Noych's Armour Shoppe.
  2594 | D:7      | Reached skill level 7 in Long Blades
  2643 | D:8      | Reached skill level 5 in Fighting
  2739 | D:8      | Found an iron altar of Okawaru.
  2760 | D:8      | Eeeeeeeeeeeeeeeeeeeeeeek
  2761 | D:8      | Became a worshipper of Warmaster Okawaru
  2831 | D:8      | Noticed RogueShenanigans's ghost (novice HOBe)
  2856 | D:8      | Killed RogueShenanigans's ghost
  2856 | D:8      | Reached skill level 8 in Long Blades
  2856 | D:8      | Reached XP level 10. HP: 7/52 MP: 12/12
  3148 | D:9      | Learned a level 1 spell: Apportation
  3349 | D:9      | Reached skill level 1 in Invocations
  3367 | D:9      | Reached * piety under Okawaru
  3408 | D:9      | Found a staircase to the Orcish Mines.
  3528 | D:9      | Found an opulent altar of Gozag.
  3573 | D:10     | Entered Level 10 of the Dungeon
  3646 | D:10     | Found a staircase to the Lair.
  3734 | D:10     | Reached ** piety under Okawaru
  4106 | D:10     | Reached XP level 11. HP: 56/58 MP: 8/14
  4156 | D:10     | Reached skill level 9 in Long Blades
  4222 | D:10     | Noticed an orc warlord
  4255 | D:10     | Killed an orc warlord
  4255 | D:10     | Reached *** piety under Okawaru
  4255 | D:10     | Received a gift from Okawaru
  4452 | Orc:1    | Entered Level 1 of the Orcish Mines
  4457 | Orc:1    | Noticed Erica
  4464 | Orc:1    | Killed Erica
  4501 | Orc:1    | Reached **** piety under Okawaru
  4534 | Orc:1    | Noticed a stone giant
  4551 | Orc:1    | Killed a stone giant
  4650 | Lair:1   | Entered Level 1 of the Lair of Beasts
  4813 | Lair:1   | Reached skill level 5 in Invocations
  5014 | Lair:3   | Noticed Snorg
  5025 | Lair:3   | Killed Snorg
  5025 | Lair:3   | Reached ***** piety under Okawaru
  5087 | Lair:3   | Received a gift from Okawaru
  5087 | Lair:3   | Gained mutation: You regenerate. [Vine Stalker growth]
  5087 | Lair:3   | Reached XP level 12. HP: 64/64 MP: 14/17
  5092 | Lair:3   | Reached skill level 5 in Armour
  5521 | Lair:4   | Reached skill level 10 in Long Blades
  5538 | Lair:4   | Found a staircase to the Swamp.
  5800 | Lair:5   | Noticed Rupert
  5811 | Lair:5   | Paralysed by Rupert for 7 turns
  5840 | Lair:5   | Found a frozen archway.
  5878 | IceCv    | Entered an ice cave
  5924 | IceCv    | Received a gift from Okawaru
  5988 | Lair:6   | Entered Level 6 of the Lair of Beasts
  5988 | Lair:6   | Noticed a death yak
  5988 | Lair:6   | Noticed a death yak
  5988 | Lair:6   | Noticed a death yak
  5988 | Lair:6   | Noticed a death yak
  6015 | Lair:5   | Noticed a six-headed hydra
  6025 | Lair:5   | Killed a one-headed hydra
  6097 | Lair:6   | Noticed a catoblepas
  6113 | Lair:6   | Killed a catoblepas
  6113 | Lair:6   | Reached XP level 13. HP: 57/70 MP: 15/18
  6222 | Lair:6   | Noticed an ice dragon
  6229 | Lair:6   | Killed an ice dragon
  6251 | Lair:6   | Reached skill level 11 in Long Blades
  6430 | Lair:6   | Received a gift from Okawaru
  6534 | Lair:6   | Reached skill level 10 in Fighting
  6981 | Lair:3   | Reached XP level 14. HP: 55/77 MP: 14/19
  6989 | Lair:3   | Reached skill level 10 in Dodging
  7302 | Orc:2    | Entered Level 2 of the Orcish Mines
  7445 | Orc:2    | Found Ditoig's Antique Weapon Boutique.
  7551 | Orc:1    | Noticed Fannar
  7571 | Orc:1    | Killed Fannar
  7671 | Orc:2    | Reached skill level 1 in Charms
  7718 | Orc:2    | Found a staircase to the Elven Halls.
  7776 | Orc:1    | Reached ****** piety under Okawaru
  7820 | Orc:2    | Noticed Donald
  7844 | Orc:2    | Killed Donald
  7844 | Orc:2    | Reached skill level 12 in Long Blades
  7847 | Orc:2    | I sory dondlern
  8147 | Orc:2    | Found Imosirch's Gadget Shop.
  8147 | Orc:2    | Found Harutoci's Food Emporium.
  8149 | Orc:2    | Found Kytsaps's Magic Scroll Shoppe.
  8151 | Orc:2    | Found Iwkot's Jewellery Boutique.
  8160 | Orc:2    | Bought a scroll of identify for 26 gold pieces
  8160 | Orc:2    | Bought a scroll of identify for 26 gold pieces
  8160 | Orc:2    | Bought a scroll of identify for 26 gold pieces
  8160 | Orc:2    | Bought a scroll of identify for 26 gold pieces
  8160 | Orc:2    | Bought a scroll of identify for 26 gold pieces
  8165 | Orc:2    | Bought a cursed amulet of inaccuracy for 30 gold pieces
  8165 | Orc:2    | Bought a cursed ring of teleportation for 67 gold pieces
  8165 | Orc:2    | Bought a cursed ring of loudness for 67 gold pieces
  8205 | Orc:2    | Received a gift from Okawaru
  8274 | Elf:1    | Entered Level 1 of the Elven Halls
  8358 | Elf:1    | Found a flickering gateway to a bazaar.
  8364 | Bazaar   | Entered a bazaar
  8365 | Bazaar   | Found Doobaqi's Book Boutique.
  8365 | Bazaar   | Found Raxkaogg's Distillery.
  8366 | Bazaar   | Found Haluumyu's Food Emporium.
  8372 | Bazaar   | Bought a potion of degeneration for 10 gold pieces
  8376 | Bazaar   | Found Vasmetyz's Antique Armour Emporium.
  8384 | Bazaar   | Bought a pair of boots for 81 gold pieces
  8389 | Bazaar   | Bought a helmet for 81 gold pieces
  8420 | Bazaar   | Bought a potion of magic for 80 gold pieces
  8420 | Bazaar   | Bought a potion of invisibility for 80 gold pieces
  8420 | Bazaar   | Bought a potion of resistance for 100 gold pieces
  8433 | Elf:1    | Noticed a deep elf sorcerer
  8442 | Elf:1    | Killed a deep elf sorcerer
  8484 | Elf:1    | Found a ruined silver gateway.
  8510 | Desolati | Entered the Desolation of Salt
  8592 | Desolati | NAH
  9127 | D:12     | Received a gift from Okawaru
  9137 | D:12     | Got a fine buckler {god gift}
  9143 | D:12     | Identified the +3 buckler of Pekh {Stlth+} (Okawaru gifted it to you on level 12 of the Dungeon)
  9146 | D:12     | Found a white marble altar of Elyvilon.
  9207 | D:12     | Reached XP level 15. HP: 81/82 MP: 21/21
  9232 | D:12     | Found a shattered altar of Ashenzari.
  9410 | D:13     | Noticed Azrael
  9419 | D:13     | Killed Azrael
  9551 | D:13     | Noticed JustSomeDude's ghost (journeyman DsFi)
  9568 | D:13     | Killed JustSomeDude's ghost
  9598 | D:13     | hi
  9637 | D:13     | Found a flagged portal.
  9659 | Bailey   | Entered a bailey
 10360 | D:14     | Reached skill level 13 in Long Blades
 10398 | D:15     | Entered Level 15 of the Dungeon
 10513 | D:14     | Found a blossoming altar of Fedhas.
 10619 | D:15     | Noticed Kirke
 10639 | D:15     | Killed Kirke
 10697 | D:15     | Received a gift from Okawaru
 10760 | D:15     | Reached skill level 5 in Charms
 10834 | D:15     | Reached skill level 5 in Spellcasting
 10958 | D:15     | Received a gift from Okawaru
 11044 | D:15     | Received a gift from Okawaru
 11081 | D:15     | Got a smoking morningstar {god gift}
 11082 | D:15     | Identified the +3 morningstar of Cruel Justice {freeze, Dex+3} (Okawaru gifted it to you on level 15 of the Dungeon)
 11106 | D:15     | Noticed Roxanne
 11487 | Lair:1   | Reached skill level 1 in Translocations
 11574 | Swamp:1  | Entered Level 1 of the Swamp
 11636 | Swamp:2  | Reached XP level 16. HP: 73/88 MP: 25/25
 11788 | Swamp:3  | Noticed a thorn hunter
 11806 | Swamp:3  | Killed a thorn hunter
 11908 | Swamp:3  | Received a gift from Okawaru
 12040 | Swamp:3  | Received a gift from Okawaru
 12274 | Swamp:2  | Reached skill level 10 in Armour
 12317 | Swamp:4  | Entered Level 4 of the Swamp
 12400 | Swamp:4  | Reached skill level 14 in Long Blades
 12703 | Swamp:4  | Noticed a thorn hunter
 12718 | Swamp:4  | Killed a thorn hunter
 12816 | Swamp:4  | Received a gift from Okawaru
 12819 | Swamp:4  | Got a dazzling battleaxe {god gift}
 12825 | Swamp:4  | Identified the +7 battleaxe "Bytykhacw" {drain, rC+ Int+3} (Okawaru gifted it to you on level 4 of the Swamp)
 13044 | Swamp:4  | Got a decaying rune of Zot
 13136 | Swamp:4  | Reached XP level 17. HP: 52/95 MP: 20/26
 13280 | Swamp:1  | Noticed Nikola
 13504 | Lair:3   | Found a staircase to the Snake Pit.
 13510 | Snake:1  | Entered Level 1 of the Snake Pit
 13543 | Snake:1  | Received a gift from Okawaru
 14061 | Snake:2  | Found Huegodgh's Weapon Boutique.
 14305 | Snake:2  | Found Noudgh's Gadget Shoppe.
 14305 | Snake:2  | Found Yrijig's Jewellery Shop.
 14306 | Snake:2  | Found Ebrighot's Jewellery Shop.
 14401 | Snake:3  | Found Ipeariv's Antique Armour Boutique.
 14417 | Snake:3  | Bought a distressingly furry scale mail for 198 gold pieces
 14428 | Snake:3  | Identified the +4 scale mail of the Orcish Mines {rF+ rN+ Dex-3 SInv} (You bought it in a shop on level 3 of the Snake Pit)
 14505 | Snake:3  | Noticed Vashnia
 14716 | Snake:4  | Entered Level 4 of the Snake Pit
 14741 | Snake:4  | Reached skill level 15 in Long Blades
 14908 | Snake:4  | Received a gift from Okawaru
 14921 | Snake:4  | Upgraded the game from 0.19-a0-1268-g6c5d9f8 to 0.19-a0-1292-g796ee4d
 15284 | Snake:4  | Received a gift from Okawaru
 15301 | Snake:4  | Got a pair of fine gloves {god gift}
 15323 | Snake:4  | HP: 3/97 [greater naga/spear (12)]
 15324 | Snake:4  | Slain by a greater naga

Vault maps used:
D:1:      ncdulo_lavacross, corexii_leaking_fountain
D:2:      lemuel_crystal_altar, kiku_gazebo_garden_becter
D:3:      good_gods_temple_1, st_stairs_11
D:4:      makhleb_grotto_becter, serial_shops, shop, first_bread,
          grunt_ministairs_11
D:5:      nicolae_overflow_crystal_walls, vehumet_crystals, serial_shops,
          nicolae_shop_crystal
D:6:      corexii_shantytown, kennysheep_slug_shrine, basic_altar,
          hex_intersection
D:7:      nicolae_overflow_hidden_temple, serial_shops, kennysheep_little_box,
          uniq_pikel, uniq_joseph
D:8:      kennysheep_mini, okawaru_trees_2
D:9:      hiddenorc2_lemuel, basic_altar
D:10:     lemuel_castle_with_subvaults, erik_lair_orcish_takeover
D:11:     serial_shops, shop, grunt_ogre_cave, uniq_grum
D:12:     basic_altar, nicolae_ashenzari_panopticon
D:13:     grunt_vaults_entry_fortified, enter_bailey_3, uniq_azrael
D:14:     fedhas_altar_3, basic_loot_grate_trap, hangedman_decor_riveting
D:15:     grunt_enter_depths_snipers, grunt_decor_mini_mirrors, serial_curves,
          eino_curves_02, eino_curves_03, hangedman_weighted_door, uniq_kirke,
          uniq_roxanne
Lair:1:   beast_lair_carwin_large_2
Lair:2:   grunt_megastairs_4, lemuel_fruit_tree
Lair:3:   minmay_snake_entry_guardpost_medium, st_stairs_13,
          beast_lair_carwin_8, uniq_snorg
Lair:4:   swamp_mist_pool, worms_lemuel
Lair:5:   nicolae_slime_entry_slimehenge, portal_ice_cave_entry_ice_beasts,
          serial_bayou_pond_d, uniq_rupert
Lair:6:   gammafunk_lair_ancient_temple, serial_forest,
          infiniplex_forest_zigzag_1, infiniplex_forest_side_room,
          infiniplex_forest_clump_curved, infiniplex_forest_lined_ring,
          infiniplex_forest_straight_4, infiniplex_forest_clump_small,
          infiniplex_forest_zigzag_1, bobbens_ice_dragon_lair
Swamp:1:  evilmike_swamp_ruin_house_4, uniq_nikola
Swamp:2:  cheibrodos_swamp_heart_of_darkness, evilmike_swamp_ruin_house_2
Swamp:3:  evilmike_swamp_ruin_wall
Swamp:4:  swamp_basic_johnstein, swamp_pool5
Snake:1:  grunt_megastairs_3
Snake:2:  serial_shops, shop, spider_trap, serial_bayou_shore_b,
          basic_stair_grate_trap, minmay_shop_grove, serial_bayou_shore_b
Snake:3:  serial_shops, nicolae_shop_overgrown_old_shop, uniq_vashnia,
          uniq_asterion
Snake:4:  minmay_snake_end_coiled
Orc:1:    uniq_fannar, uniq_erica
Orc:2:    st_orc_rangers, serial_shops, shop, uniq_donald
Elf:1:    eino_elf_arrival_customs, serial_shops, bzr_entry_safe,
          portal_desolation_entry_salt, small_statue_intersection,
          grunt_megastairs_2, uniq_aizul
Bazaar:   bazaar_minmay_plants
Bailey:   bailey_polearm_flooded_kennysheep, bailey
IceCv:    ice_cave_statue_garden_teleport

Skill      XL: |  1  2  3  4  5  6  7  8  9 10 11 12 13 14 15 16 17 |
---------------+----------------------------------------------------+-----
Fighting       | 2 4 5 6 7 9 10 11 12 13 14 | 14.2
Maces & Flails | 2 4 5 |  5.3
Long Blades    | 1 3 6 8 9 10 11 12 13 14 15 | 15.2
Dodging        | 1 3 4 5 6 7 8 9 10 11 12 | 12.1
Invocations    | 3 5 |  5.4
Armour         | 3 4 6 8 9 10 | 10.4
Charms         | 3 5 7 8 |  8.0
Spellcasting   | 3 5 |  5.4
Translocations | 1 4 |  4.7
Throwing       | |  1.0
Transmutations | |  2.0
Evocations     | |  1.0

Action                   |  1- 3 |  4- 6 |  7- 9 | 10-12 | 13-15 | 16-18 || total
-------------------------+-------+-------+-------+-------+-------+-------++-------
Melee: Flail             |    23 |    32 |       |       |       |       ||    55
       Bite              |     3 |    19 |    82 |   249 |   601 |   465 ||  1419
       Long sword        |       |    26 |   292 |   411 |       |       ||   729
       Scimitar          |       |       |       |   374 |  1631 |  1142 ||  3147
       Punch             |       |       |       |     7 |     7 |       ||    14
       Triple sword      |       |       |       |       |       |    39 ||    39
 Fire: Blowgun           |    57 |    17 |     3 |       |       |       ||    77
Throw: Javelin           |       |       |       |       |    19 |       ||    19
 Cast: Repel Missiles    |       |       |     1 |       |     5 |     1 ||     7
       Apportation       |       |       |       |     4 |     2 |     6 ||    12
Invok: Heroism           |       |       |       |    22 |    51 |    32 ||   105
 Abil: Evoke Berserk Rag |       |     1 |     8 |    12 |    11 |     2 ||    34
Evoke: Wand              |       |       |       |       |    10 |     8 ||    18
  Use: Potion            |     2 |       |     1 |       |     1 |       ||     4
       Scroll            |       |     1 |     9 |    15 |    10 |    12 ||    47
 Stab: Sleeping          |       |       |     2 |       |     2 |       ||     4
       Distracted        |       |       |       |       |     1 |       ||     1
  Eat: Chunk             |       |     1 |     8 |    16 |    24 |     1 ||    50
       Beef jerky        |       |       |     1 |     1 |       |     2 ||     4
       Fruit             |       |       |     1 |     2 |     2 |     9 ||    14
       Pizza             |       |       |     1 |     2 |     1 |       ||     4
       Royal jelly       |       |       |       |       |     1 |       ||     1
       Meat ration       |       |       |       |       |       |     1 ||     1
Armor: Robe              |    23 |     7 |     3 |       |       |       ||    33
       Skin              |    48 |       |       |       |       |       ||    48
       Leather armour    |       |       |    43 |    13 |       |       ||    56
       Scale mail        |       |       |       |    89 |     6 |   214 ||   309
       Chain mail        |       |       |       |    71 |   156 |       ||   227
       Ring mail         |       |       |       |       |   192 |       ||   192
Dodge: Dodged            |    54 |    43 |   153 |   442 |  1019 |   653 ||  2364
       Deflected         |       |       |     1 |       |    10 |     3 ||    14
Block: Buckler           |       |       |       |       |   202 |   332 ||   534
